 Dungeon Crawl Stone Soup version 0.24-a0-366-gc1c896e988 (webtiles) character file.

Game seed: 11648097480116781459

609 PgLoLo the Shield-Bearer (level 7, 0/44 HPs)
             Began as a Gargoyle Fighter on May 28, 2019.
             Was an Initiate of Okawaru.
             Killed by divine providence
             ... invoked by an orc priest
              (14 damage)
             ... on level 3 of the Dungeon.
             The game lasted 00:07:03 (3244 turns).

PgLoLo the Shield-Bearer (Gargoyle Fighter)         Turns: 3244, Time: 00:07:03

Health: 0/44       AC: 19    Str: 22    XL:     7   Next: 43%
Magic:  7/7        EV:  6    Int:  8    God:    Okawaru [......]
Gold:   151        SH: 10    Dex:  9    Spells: 6/6 levels left

rFire    + . .     SeeInvis .   a - +0 war axe
rCold    . . .     Gourm    .   c - +0 shield
rNeg     + . .     Faith    .   o - +1 chain mail {rF+}
rPois    ∞         Spirit   .   v - +0 helmet
rElec    +         Reflect  .   m - +0 cloak
rCorr    .         Harm     .   w - +0 pair of gloves
MR       .....                  (no boots)
Stlth    ..........             (no amulet)
HPRegen  0.14/turn              (no ring)
MPRegen  0.10/turn              (no ring)

@: no status effects
A: negative energy resistance 1, electricity resistance, unbreathing,
petrification resistance, rot immunity, AC +4
a: Renounce Religion


You were on level 3 of the Dungeon.
You worshipped Okawaru.
Okawaru was noncommittal.
You were not hungry.

You visited 2 branches of the dungeon, and saw 5 of its levels.

You collected 151 gold pieces.

Inventory:

Hand Weapons
 a - a +0 war axe (weapon)
 b - a +2 scythe of protection
Missiles
 d - 2 javelins (quivered)
Armour
 c - a +0 shield (worn)
 m - a +0 cloak (worn)
 o - a +1 chain mail of fire resistance (worn)
 v - a +0 helmet (worn)
 w - a +0 pair of gloves (worn)
Jewellery
 u - an uncursed amulet of magic regeneration
Scrolls
 g - a scroll of noise
 h - 3 scrolls of teleportation
 l - a scroll of magic mapping
 q - a scroll of enchant weapon
 s - a scroll of fog
 t - a scroll of remove curse {unknown}
Potions
 e - a potion of heal wounds {unknown}
 i - 2 potions of resistance {unknown}
 n - 3 potions of curing {unknown}
 p - 2 potions of degeneration {unknown}
Comestibles
 f - 4 rations
 j - 2 chunks of flesh


   Skills:
 + Level 5.0 Fighting
 * Level 4.8 Axes
 + Level 5.0 Armour
 + Level 5.0 Shields


You had 6 spell levels left.
You didn't know any spells.
Your spell library contained the following spells:

 Spells                   Type           Power        Failure   Level  Hunger
 Flame Tongue             Conj/Fire      #....        100%        1    ##.....
 Throw Flame              Conj/Fire      #.....       100%        2    ###....
 Conjure Flame            Conj/Fire      #.......     100%        3    ####...
 Inner Flame              Hex/Fire       #.......     100%        3    ####...
 Sticky Flame             Conj/Fire      #.......     100%        4    #####..
 Fireball                 Conj/Fire      #.........   100%        5    ######.


Dungeon Overview and Level Annotations

Branches:
Dungeon (4/15)             Temple (1/1) D:4

Altars:
Ashenzari
Cheibriados
Dithmenos
Elyvilon
Fedhas
Gozag
Hepliaklqana
Kikubaaqudgha
Makhleb
Nemelex Xobeh
Okawaru
Qazlal
Ru
Sif Muna
Trog
Uskayaw
Vehumet
Wu Jian
Xom
Yredelemnul
Zin
The Shining One


Innate Abilities, Weirdness & Mutations

You are resistant to torment.
Your stone body is resilient. (AC +4)
You are immune to poison.
You resist negative energy. (rN+)
You are resistant to electric shocks. (rElec)
You can survive without breathing.
You are immune to petrification.
You are immune to rotting.


Message History

Aim: an orc priest, wearing a +0 leather armour You throw a javelin.
The javelin pierces through the orc priest.
The orc priest is lightly wounded.
An orc comes into view. It is wielding a +0 whip.
Throwing (i - inventory)
d - 3 javelins (quivered)
Press: ? - help, Shift-Dir - straight line, f/p - orc priest
Aim: an orc priest, wearing a +0 leather armour (lightly wounded)
You throw a javelin.
The javelin closely misses the orc priest.
The orc priest mumbles some strange prayers to Beogh against you.
Beogh smites you!
The orc priest hits you but does no damage.
You climb upwards.
There is a stone staircase leading down here.
Your shield and chain mail prevent you from hitting the orc priest.
The orc priest is lightly wounded.
The orc priest calls down the wrath of Beogh upon you.
Beogh smites you!
You die...

#.......# #####
#.......###...#
#.............#######
#.......##>##........
#.......##)##.....###
####.#####.######.#
#.###...######.###
#.##..####........ ##@o..##
#.###...# #)[[### ##.# ###.#
############..## #÷.# #..
##..[..#.......# #.## ###..
##..............# #.# #...>
#...............# #.# #.##.
#...............# ##.# #.##.
#...............## ###..#
##.###
#................###...####..#
#


You could see an orc priest.

Vanquished Creatures
  Sigmund (D:2)
  A howler monkey (D:3)
  2 orc priests (D:4)
  A centaur skeleton (D:4)
  2 hounds
  A bullfrog skeleton (D:4)
  2 orc wizards
  Natasha (D:2)
  A hound skeleton (D:4)
  3 adders
  4 worms
  A dart slug (D:2)
  3 leopard geckos
  10 orcs
  2 ball pythons
  3 giant cockroaches
  13 goblins
  11 hobgoblins
  9 jackals
  6 kobolds
  3 quokkas
  7 bats
  6 frilled lizards
  A jackal skeleton (D:4)
  10 rats
104 creatures vanquished.

Notes
Turn   | Place    | Note
-------+----------+-------------------------------------------
     0 | D:1      | PgLoLo the Gargoyle Fighter began the quest for the Orb.
     0 | D:1      | Reached XP level 1. HP: 14/14 MP: 1/1
    52 | D:1      | Reached XP level 2. HP: 19/19 MP: 2/2
   271 | D:1      | Reached XP level 3. HP: 23/23 MP: 3/3
   622 | D:2      | Noticed Sigmund
   646 | D:2      | Killed Sigmund
   646 | D:2      | Reached XP level 4. HP: 18/29 MP: 4/4
   646 | D:2      | Reached XP level 5. HP: 20/33 MP: 5/5
   714 | D:2      | Found a bloodstained altar of Trog.
  1069 | D:2      | Noticed Natasha
  1077 | D:2      | Killed Natasha
  1077 | D:2      | Reached XP level 6. HP: 33/39 MP: 6/6
  1115 | D:2      | Found a deep blue altar of Sif Muna.
  2436 | D:4      | Found a staircase to the Ecumenical Temple.
  2458 | D:4      | Reached XP level 7. HP: 38/44 MP: 7/7
  2475 | Temple   | Entered the Ecumenical Temple
  2674 | Temple   | Became a worshipper of Warmaster Okawaru
  3078 | D:4      | Reached skill level 5 in Fighting
  3078 | D:4      | Reached skill level 5 in Armour
  3078 | D:4      | Reached skill level 5 in Shields
  3244 | D:3      | Killed from afar by an orc priest

Levels and vault maps discovered:
D:1:      saegor_arrival_simple_d, layout_rooms, minmay_distorted
D:2:      layout_basic, led_sif_pool, serial_rivers,
          chequers_serial_rivers_room_b, chequers_serial_rivers_micro_e,
          chequers_serial_rivers_micro_d, chequers_serial_rivers_room_b,
          minmay_strange_pillars, lemuel_tele_altar, uniq_natasha, uniq_sigmund
D:3:      layout_rooms
D:4:      layout_cave_pools, minmay_temple_entry_offerings, serial_shops,
          shop_statue, minmay_misc_feat_encased
Temple:   nicolae_temple_the_god_donut

Skill      XL: |  1  2  3  4  5  6  7 |
---------------+----------------------+-----
Axes           | 2 3 4 |  4.8
Fighting       | 4 5 |  5.0
Armour         | 4 5 |  5.0
Shields        | 4 5 |  5.0

Action                   |  1- 3 |  4- 6 |  7- 9 || total
-------------------------+-------+-------+-------++-------
Melee: War axe           |    91 |   245 |    35 ||   371
Throw: Javelin           |       |       |     3 ||     3
  Use: Potion            |     1 |       |       ||     1
       Scroll            |       |       |     7 ||     7
  Eat: Chunk             |       |     6 |       ||     6
       Ration            |       |       |     1 ||     1
Armor: Scale mail        |    29 |       |       ||    29
       Chain mail        |    13 |   189 |    21 ||   223
       Skin              |       |       |     1 ||     1
Dodge: Dodged            |    31 |    64 |    11 ||   106
Block: Shield            |    57 |   138 |    17 ||   212

Table legend:
 A = Non-vault XP
 B = Vault XP
 C = Vault XP percentage of total XP
 D = Non-vault monster count
 E = Vault monster count
 F = Vault count percentage of total count
                 A         B        C        D         E       F
            +---------+---------+-------+---------+---------+-------
      Total |     609 |     262 |  30.1 |     100 |       4 |   3.8
            +---------+---------+-------+---------+---------+-------
        D:1 |      38 |       4 |   9.5 |      23 |       2 |   8.0
        D:2 |      54 |     258 |  82.7 |      28 |       2 |   6.7
        D:3 |     231 |       0 |   0.0 |      37 |       0 |   0.0
        D:4 |     286 |       0 |   0.0 |      12 |       0 |   0.0
            +---------+---------+-------+---------+---------+-------
